 Dungeon Crawl Stone Soup version 0.21.1-1-g345015fe64 (webtiles) character file.

223 Jannitor the Ducker (level 5, -1/28 HPs)
             Began as a Spriggan Abyssal Knight on May 15, 2018.
             Was a Believer of Lugonu.
             Slain by Robin
             ... wielding a +1 spear of distortion
              (16 damage)
             ... on level 4 of the Dungeon.
             The game lasted 00:10:14 (6738 turns).

Jannitor the Ducker (Spriggan Abyssal Knight)       Turns: 6738, Time: 00:10:15

Health: -1/28      AC:  2    Str:  8 (9)  XL:     5   Next: 66%
Magic:  8/8        EV: 19    Int: 11 (13) God:    Lugonu [**....]
Gold:   211        SH:  0    Dex: 18      Spells: 4/4 levels left

rFire    . . .     SeeInvis +   i - +1 rapier
rCold    . . .     Gourm    .   (shield restricted)
rNeg     . . .     Faith    .   b - +1 robe
rPois    .         Spirit   .   (helmet restricted)
rElec    .         Reflect  .   (no cloak)
rCorr    .         Harm     .   (gloves unavailable)
MR       .....                  (boots unavailable)
Stlth    +.........             n - amulet of inaccuracy (curse)
HPRegen  0.09/turn              f - ring of loudness (curse)
MPRegen  0.11/turn              (no ring)

@: heavily drained, very quick
A: very small, unfitting armour, see invisible, agile 1, deformed body,
herbivore, speed 3, slow metabolism 2
a: Depart the Abyss, Bend Space, Renounce Religion


You were on level 4 of the Dungeon.
You worshipped Lugonu.
Lugonu was pleased with you.
You were not hungry.

You visited 2 branches of the dungeon, and saw 6 of its levels.
You visited the Abyss 1 time.

You collected 211 gold pieces.

Inventory:

Hand Weapons
 a - a +1 short sword
 i - a +1 rapier (weapon)
Armour
 b - a +1 robe (worn)
Jewellery
 f - a cursed ring of loudness (left hand)
 m - an uncursed amulet of harm
 n - a cursed amulet of inaccuracy (around neck)
Wands
 j - a wand of digging (12)
 p - a wand of polymorph (14)
Scrolls
 d - a scroll of enchant armour
 e - a scroll of enchant weapon
 g - 3 scrolls of identify
 h - a scroll of teleportation
 k - a scroll of immolation {unknown}
 l - 2 scrolls of fear
 q - a scroll of remove curse
Comestibles
 c - 6 rations


   Skills:
 + Level 3.3(2.2) Fighting
 + Level 3.6(2.5) Short Blades
 + Level 5.2(4.0) Dodging
 + Level 2.0(0.9) Stealth
 + Level 3.1(2.0) Invocations


You had 4 spell levels left.
You didn't know any spells.

Dungeon Overview and Level Annotations

Branches:
Dungeon (5/15)             Temple (1/1) D:4

Altars:
Ashenzari
Cheibriados
Dithmenos
Elyvilon
Fedhas
Gozag
Hepliaklqana
Kikubaaqudgha
Makhleb
Nemelex Xobeh
Okawaru
Qazlal
Ru
Sif Muna
Trog
Uskayaw
Vehumet
Wu Jian
Xom
Yredelemnul
Zin
The Shining One

Annotations:
D:2 Sigmund
D:3 Gitz's ghost, amateur HuFE
D:4 Menkaure; Robin


Innate Abilities, Weirdness & Mutations

You are very small and have problems with some larger weapons.
You are too small for most types of armour.
You have supernaturally acute eyesight. (SInv)
You are a herbivore.
You cover ground extremely quickly.
You need consume almost no food.
You are agile. (Dex +2)
Armour fits poorly on your strangely shaped body.


Message History

Level annotation: Menkaure; Robin
There is a stone staircase leading down here.
Unknown command.
Robin shouts!
You feel sick.
You feel sick.
You are no longer poisoned.
You start resting.
A quokka comes into view.
The orc shouts!
You hear a shout! x2
The orc shouts!
You hear a shout!
The orc throws a tomahawk.
The tomahawk misses you.
You start resting.
Okay, then.
Unknown command.
Robin closely misses you.
You miss Robin. Robin hits you but does no damage.
Space warps horribly around you!
Ouch! That really hurt!
You die...

.####.......#####.......##..#
.###...............####.##..#
..##.##...#######.## #..#
.....###### #.# ##..#####
..#### #.# ........ .## #o#
#....... ## #Z# #..# # #
#########g# #..# # #
#.......@.# #.>##### ##..##
#.######### #....... .....#
#.###### o.....# #.# #
......# #.# # .5...## #.# #
.....# #.# ## .o..oo#
######.#####. .......
#......#.....


You could see Robin, an orc and a centaur skeleton.

Vanquished Creatures
  Terence (D:2)
  A worker ant (Temple)
  8 adders
  An ooze (D:1)
  2 worms
  4 dart slugs
  2 orcs (D:3)
  7 bats
  2 giant cockroaches
  13 goblins
  11 hobgoblins
  11 jackals
  3 quokkas (D:3)
  3 ball pythons
  5 frilled lizards
  10 kobolds
  10 rats
94 creatures vanquished.

Notes
Turn   | Place    | Note
-------+----------+-------------------------------------------
     0 | Abyss:1  | Jannitor the Spriggan Abyssal Knight began the quest for the Orb.
     0 | Abyss:1  | Reached XP level 1. HP: 11/11 MP: 3/3
    81 | Abyss:1  | Noticed a neqoxec
    89 | Abyss:1  | Noticed a large abomination
   105 | Abyss:1  | Noticed an ancient zyme
   107 | Abyss:1  | Noticed a small abomination
   122 | Abyss:1  | Noticed a large abomination
   131 | Abyss:1  | Noticed a neqoxec
   142 | Abyss:2  | Found a corrupted altar of Lugonu.
   180 | Abyss:2  | Found a corrupted altar of Lugonu.
   246 | Abyss:2  | Noticed a small abomination
   253 | Abyss:2  | Noticed a large abomination
   267 | Abyss:2  | Noticed a starcursed mass
   286 | Abyss:2  | Noticed a blink frog
   288 | Abyss:2  | Noticed a green very ugly thing
   290 | Abyss:2  | Noticed a small abomination
   290 | Abyss:2  | Noticed a small abomination
   291 | Abyss:2  | Noticed a large abomination
   294 | D:1      | Escaped the Abyss
   793 | D:1      | Reached XP level 2. HP: 2/16 MP: 4/4
  1196 | D:1      | Reached * piety under Lugonu
  1298 | D:1      | Reached skill level 4 in Dodging
  1656 | D:1      | Reached XP level 3. HP: 19/19 MP: 5/5
  1852 | D:2      | Noticed Sigmund
  2189 | D:2      | Noticed Terence
  2239 | D:2      | Killed Terence
  2239 | D:2      | Reached XP level 4. HP: 4/23 MP: 6/6
  3345 | D:3      | Reached ** piety under Lugonu
  3542 | D:3      | Found a white marble altar of Elyvilon.
  3577 | D:3      | You fall through a shaft!
  3590 | D:4      | Noticed an ogre
  3592 | D:4      | Noticed a phantom
  3907 | D:3      | Reached skill level 1 in Stealth
  3907 | D:3      | Reached XP level 5. HP: 22/28 MP: 8/8
  4067 | D:3      | Gained mutation: Your body sometimes deteriorates upon taking damage. [potion of mutation]
  4067 | D:3      | Gained mutation: You are partially covered in slimy green scales. (AC +2) [potion of mutation]
  4207 | D:3      | Reached skill level 5 in Dodging
  4281 | D:3      | Found a glowing golden altar of the Shining One.
  4627 | D:3      | Noticed Gitz's ghost (amateur HuFE)
  5024 | D:4      | Found a staircase to the Ecumenical Temple.
  5032 | D:4      | Noticed Menkaure
  5037 | Temple   | Entered the Ecumenical Temple
  5636 | D:4      | Noticed Robin
  6061 | D:3      | Lost mutation: Your body sometimes deteriorates upon taking damage. [potion of mutation]
  6061 | D:3      | Lost mutation: You are partially covered in slimy green scales. (AC +2) [potion of mutation]
  6061 | D:3      | Gained mutation: Armour fits poorly on your strangely shaped body. [potion of mutation]
  6061 | D:3      | Gained mutation: You are agile. (Dex +2) [potion of mutation]
  6628 | D:5      | Entered Level 5 of the Dungeon
  6648 | D:5      | Noticed an ice beast
  6738 | D:4      | Slain by Robin

Skill      XL: |  1  2  3  4  5 |
---------------+----------------+-----
Invocations    | 2 3 |  3.1
Dodging        | 4 5 |  5.2
Short Blades   | 3 |  3.6
Fighting       | 3 |  3.3
Stealth        | 1 2 |  2.0

Action                   |  1- 3 |  4- 6 || total
-------------------------+-------+-------++-------
Melee: Short sword       |   168 |   108 ||   276
       Rapier            |       |   196 ||   196
Invok: Depart the Abyss  |     1 |       ||     1
Evoke: Wand              |     3 |       ||     3
  Use: Scroll            |     4 |     3 ||     7
       Potion            |     3 |     5 ||     8
 Stab: Sleeping          |     2 |       ||     2
  Eat: Ration            |       |     2 ||     2
Armor: Robe              |    14 |    44 ||    58
       Skin              |     2 |       ||     2
Dodge: Dodged            |   116 |   312 ||   428
